 Dungeon Crawl Stone Soup version 0.29-a0-925-g0a7a3d12f8 (webtiles) character file.

Game seed: 3841075079961326272

303 concernfroge the Trooper (level 6, -4/55 HPs)
             Began as a Mummy Monk on July 30, 2022.
             Slain by an ogre
             ... wielding a +0 giant spiked club
              (13 damage)
             ... on level 4 of the Dungeon.
             The game lasted 00:04:46 (2927 turns).

concernfroge the Trooper (Mummy Monk)               Turns: 2927, Time: 00:04:47

Health: -4/55      AC: 12    Str: 16    XL:     6   Next: 15%
Magic:  6/6        EV:  5    Int:  9    God:
Gold:   325        SH:  5    Dex: 15    Spells: 5/5 levels left

rFire   + + .      SeeInvis .   j - +0 battleaxe
rCold   + . .      Faith    .   (shield currently unavailable)
rNeg    + + +      Spirit   .   g - +2 plate armour of Free Expression {-Tele +Inv rF+++ Regen+}
rPois   ∞          Reflect  +   (no helmet)
rElec   .          Harm     .   (no cloak)
rCorr   .          Rampage  .   (no gloves)
Will    .....      NoTele   +   (no boots)
Stlth   ..........              e - amulet of reflection
HPRegen 0.98/turn               (no ring)
MPRegen 0.10/turn               (no ring)

@: no status effects
A: cold resistance 1, negative energy resistance 3, torment resistance 2, heat
vulnerability 1, in touch with death 1, no potions
a: Evoke Invisibility


You were on level 4 of the Dungeon.
You visited 1 branch of the dungeon, and saw 4 of its levels.

You collected 325 gold pieces.

Inventory:

Hand Weapons
 j - a +0 battleaxe (weapon)
Armour
 g - the +2 plate armour of Free Expression (worn) {-Tele +Inv rF+++ Regen+}
   (You found it on level 3 of the Dungeon)

   rF:        It renders you almost immune to fire.
   +Inv:      It lets you turn invisible.
   -Tele:     It prevents most forms of teleportation.
   Regen:     It increases your rate of health regeneration.
Jewellery
 a - an amulet of the acrobat
 e - an amulet of reflection (around neck)
Scrolls
 b - a scroll of poison {unknown}
 c - 2 scrolls of enchant armour {unknown}
 d - 4 scrolls of identify {unknown}
 f - 2 scrolls of amnesia {unknown}
 h - 2 scrolls of teleportation {unknown}


   Skills:
 + Level 7.0 Fighting
 - Level 2.4 Polearms
 - Level 2.4 Dodging
 - Level 1.5 Stealth


You had 5 spell levels left.
You didn't know any spells.
Your spell library contained the following spells:

 Spells                   Type           Power      Damage    Failure   Level
 Static Discharge         Conj/Air       0%         3-3/arc   100%        2
 Dispel Undead            Necr           0%         3d6       100%        4
 Sticky Flame             Conj/Fire      0%         2d3       100%        4


Dungeon Overview and Level Annotations

Branches:
Dungeon (4/15)
 Temple: D:4-7

Altars:


Innate Abilities, Weirdness & Mutations

You are immune to poison.
Your flesh is cold resistant. (rC+)
You are immune to negative energy. (rN+++)
You are immune to unholy pain and torment.
You are vulnerable to heat. (rF-)
You are in touch with the powers of death.
You do not drink.


Message History

You barely miss the necrophage. The necrophage barely misses you.
The necrophage hits you but does no damage.
You slash the necrophage!
The necrophage is heavily damaged.
The necrophage hits you but does no damage.
You hit the necrophage but do no damage.
The necrophage is heavily damaged.
You block the necrophage's attack.
The necrophage hits you but does no damage.
You barely miss the necrophage.
The necrophage is heavily damaged.
You block the necrophage's attack. The necrophage barely misses you.
You closely miss the necrophage.
The necrophage is heavily damaged.
The necrophage hits you.
You barely miss the necrophage.
The necrophage is heavily damaged.
The necrophage barely misses you.
The necrophage hits you but does no damage.
You slice the necrophage!!
You destroy the necrophage!
Your Fighting skill increases to level 7!
You have reached level 6!
You now have 325 gold pieces (gained 4).
An ogre comes into view. It is wielding a +0 giant spiked club.
The ogre shouts!
You slash the ogre!
The ogre is heavily wounded.
The ogre hits you with a +0 giant spiked club!!
Ouch! That really hurt!
You are too injured to fight recklessly!
Okay, then.
You barely miss the ogre.
The ogre is moderately wounded.
The ogre hits you with a +0 giant spiked club!!
* * * LOW HITPOINT WARNING * * *
You hit the ogre.
The ogre is severely wounded.
The ogre hits you with a +0 giant spiked club!
You die...

..# #.. #.# ... #.# #.#
#.# ######.# #.#
#...##.# #####.##
♣♣....#.# #.....†.
♣♣♣♣≈......######.#...##
≈≈.≈..O@................
.♣≈≈♣...#########.#.#.##
♣#.## #.#...# #.
#.##.### #. #....... #.
####.### #. #.# #. #.#
#.#


You could see an ogre.

Vanquished Creatures
  A necrophage (D:4)
  A scorpion (D:3)
  An iguana (D:3)
  8 adders
  3 worms
  A dart slug (D:1)
  An orc (D:3)
  12 endoplasms
  5 giant cockroaches (D:1)
  4 goblins
  2 hobgoblins
  2 jackals (D:1)
  A quokka (D:1)
  8 ball pythons
  6 bats
  2 frilled lizards (D:1)
  8 kobolds
  12 rats
78 creatures vanquished.

Vanquished Creatures (others)
  3 plants (D:4)
  6 toadstools (D:1)
9 creatures vanquished.

Grand Total: 87 creatures vanquished

Notes
Turn   | Place    | Note
-------+----------+-------------------------------------------
     0 | D:1      | concernfroge the Mummy Monk began the quest for the Orb.
     0 | D:1      | Reached XP level 1. HP: 18/18 MP: 1/1
     1 | D:1      | Found a runed translucent door.
   309 | D:1      | Reached XP level 2. HP: 23/24 MP: 2/2
   768 | D:1      | Reached skill level 4 in Fighting
  1214 | D:1      | Gained mutation: You are in touch with the powers of death.
                  | [Mummy growth]
  1214 | D:1      | Reached XP level 3. HP: 30/30 MP: 3/3
  1580 | D:2      | Reached XP level 4. HP: 37/38 MP: 4/4
  1771 | D:2      | Reached skill level 5 in Fighting
  2113 | D:3      | Identified the +2 plate armour of Free Expression {-Tele
                  | +Inv rF+++ Regen+}
  2336 | D:3      | Reached XP level 5. HP: 46/46 MP: 5/5
  2348 | D:3      | Reached skill level 6 in Fighting
  2910 | D:4      | Reached skill level 7 in Fighting
  2910 | D:4      | Reached XP level 6. HP: 55/55 MP: 6/6
  2927 | D:4      | Slain by an ogre

Illustrated notes

Levels and vault maps discovered:
D:1:      dpeg_arrival_caged_fury, layout_basic, hex_large,
          minmay_gold_behind_fungi, hex_medium, minmay_vboxes
D:2:      layout_rooms
D:3:      cheibrodos_helix_gallery, layout_basic
D:4:      layout_loops_corners, kennysheep_nub, serial_bayou_crossing,
          uniq_edmund

Skill      XL: |  1  2  3  4  5 |
---------------+----------------+-----
Fighting       | 4 5 7 |  7.0
Polearms       | |  2.4
Dodging        | |  2.4
Stealth        | |  1.5

Action                   |  1- 3 |  4- 6 || total
-------------------------+-------+-------++-------
Melee: Spear             |    87 |       ||    87
       Punch             |     2 |       ||     2
       Battleaxe         |    34 |    95 ||   129
 Stab: Sleeping          |     3 |       ||     3
Armor: Robe              |    16 |       ||    16
       Ring mail         |    12 |     8 ||    20
       Plate armour      |       |    56 ||    56
       Chain mail        |       |     1 ||     1
Dodge: Dodged            |    69 |    32 ||   101
Block: Other             |    14 |    28 ||    42

Table legend: (Time is in decaauts)
 A = Elapsed time spent in this place.
 B = Non-inter-level travel time spent in this place.
 C = Inter-level travel time spent in this place.
 D = Time resting spent in this place.
 E = Time spent auto-exploring this place.
 F = Levels seen in this place.
 G = Mean time per level.
                   A        B        C        D        E       F      G
               +--------+--------+--------+--------+--------+-----+--------+
         Total |   3005 |   2876 |    129 |      0 |   2320 |   4 |  751.2 |
       Dungeon |   3005 |   2876 |    129 |      0 |   2320 |   4 |  751.2 |
               +--------+--------+--------+--------+--------+-----+--------+

Top non-repeatable levels by time:
     D:1: 1335 daAuts
     D:3: 863 daAuts
     D:2: 669 daAuts
     D:4: 138 daAuts
